 Dungeon Crawl Stone Soup version 0.26.1-2-gb8aa6d0cf2 (webtiles) character file.

Game seed: 71068336301626394

92 Gnirx the Digger (level 4, -6/24 HPs)
             Began as a Gargoyle Earth Elementalist on Feb 27, 2021.
             Killed from afar by Natasha (10 damage)
             ... with a magic dart
             ... on level 2 of the Dungeon.
             The game lasted 00:04:34 (2509 turns).

Gnirx the Digger (Gargoyle Earth Elementalist)      Turns: 2509, Time: 00:04:34

Health: -6/24      AC:  5    Str: 11    XL:     4   Next: 60%
Magic:  9/9        EV: 12    Int: 17    God:
Gold:   53         SH:  0    Dex: 10    Spells: 8/9 levels left

rFire    . . .     SeeInvis .   m - +0 morningstar
rCold    . . .     Faith    .   (no shield)
rNeg     + . .     Spirit   .   c - +0 robe
rPois    ∞         Reflect  .   (no helmet)
rElec    +         Harm     .   (no cloak)
rCorr    .         Rampage  .   (no gloves)
Will     +....                  (no boots)
Stlth    ++........             (no amulet)
HPRegen  0.08/turn              i - ring of willpower
MPRegen  0.11/turn              (no ring)

@: slowed, very slow
A: negative energy resistance 1, electricity resistance, unbreathing,
petrification resistance, miasma immunity, AC +3
a: no special abilities


You were on level 2 of the Dungeon.
You visited 1 branch of the dungeon, and saw 2 of its levels.

You collected 53 gold pieces.

Inventory:

Hand Weapons
 d - a +0 spear
 l - a +4 mace of protection
 m - a +0 morningstar (weapon)
Missiles
 b - 74 stones
Armour
 c - a +0 robe (worn)
Jewellery
 i - a ring of willpower (left hand)
Wands
 a - a wand of random effects (20)
Scrolls
 e - a scroll of remove curse {unknown}
 f - a scroll of enchant armour {unknown}
 g - a scroll of amnesia {unknown}
 k - a scroll of random uselessness {unknown}
Potions
 h - a potion of attraction
 j - a potion of heal wounds


   Skills:
 - Level 1.5 Dodging
 - Level 2.1 Stealth
 + Level 3.3 Spellcasting
 - Level 0.7 Transmutations
 + Level 5.1 Earth Magic


You had 8 spell levels left.
You knew the following spells:

 Your Spells              Type           Power        Failure   Level
a - Sandblast             Erth           40%          1%          1

Your spell library contained the following spells:

 Spells                   Type           Power        Failure   Level
 Passwall                 Tmut/Erth      10%          8%          2
 Stone Arrow              Conj/Erth      22%          17%         3
 Petrify                  Tmut/Erth      12%          45%         4
 Lee's Rapid Deconstruct  Erth           10%          50%         5


Dungeon Overview and Level Annotations

Branches:
Dungeon (2/15)

Altars:

Annotations:
D:2 Natasha


Innate Abilities, Weirdness & Mutations

You are resistant to torment.
Your stone body is resilient. (AC +3)
You are immune to poison.
You resist negative energy. (rN+)
You are resistant to electric shocks. (rElec)
You can survive without breathing.
You are immune to petrification.
You are immune to miasma.


Message History

* * * LOW HITPOINT WARNING * * *
Natasha mewls in sadness.
The shadow imp puffs mist at you. The iron imp closely misses you.
Natasha claws you but does no damage.
The white imp disappears in a puff of smoke!
The iron imp disappears in a puff of smoke!
Natasha casts a spell.
Natasha barely misses you.
The crimson imp blinks!
You feel yourself speed up. Natasha claws you but does no damage.
Natasha claws you.
* * * LOW HITPOINT WARNING * * *
The shadow imp disappears in a puff of smoke!
Natasha casts a spell at you.
You feel yourself slow down. Natasha casts a spell at you.
The magic dart hits you!
You die...

#.#...## #.# #......# .
#.#.#)#######.########.# .#
#.#.#.##.. ...#..# #.######.#
#.#.#.##.# #..#..# #.#......#..
#...#.##.###..#..# ###.#......#.#
#.###.#...##..#..# #.#.#.........
#># #..).........# #...)....5##.#
#.# ####..#.#.#..###.#.#.....##.#
#.#######.#.#...@....#.#†....##.#
.......##.#.#.#####h.#.#.....##.#
.......##'#.#...#....#.#.........
.......#..)<..#.#.#..#.#....#.#.#
.......#...)###.#.#.#..#§####....
.....^.#........#.#....#.##.#...#
#.######....###.#.#....#.##.#...#
#)## #...## ###.##.#......#....
#..######### #...#.....##.#.#.#


You could see Natasha.

Vanquished Creatures
  Natasha (D:2)
  Robin (D:2)
  An adder (D:2)
  A leopard gecko (D:2)
  4 bats (D:1)
  5 giant cockroaches
  13 goblins
  5 hobgoblins
  3 quokkas
  3 kobolds
  5 rats
42 creatures vanquished.

Notes
Turn   | Place    | Note
-------+----------+-------------------------------------------
     0 | D:1      | Gnirx the Gargoyle Earth Elementalist began the quest for
                  | the Orb.
     0 | D:1      | Reached XP level 1. HP: 10/10 MP: 3/3
   291 | D:1      | Reached XP level 2. HP: 11/15 MP: 5/5
   402 | D:1      | Reached skill level 4 in Earth Magic
  1329 | D:2      | Reached XP level 3. HP: 10/19 MP: 3/6
  1842 | D:2      | Noticed Robin
  1916 | D:2      | Killed Robin
  2187 | D:1      | Reached XP level 4. HP: 21/24 MP: 8/8
  2417 | D:2      | Noticed Natasha
  2420 | D:2      | Killed Natasha
  2421 | D:2      | Reached skill level 5 in Earth Magic
  2478 | D:2      | Noticed Natasha
  2509 | D:2      | Killed from afar by Natasha

Illustrated notes

Levels and vault maps discovered:
D:1:      sevenhm_arrival_forest_fort_small_4, layout_basic
D:2:      minmay_general_purpose_star, layout_basic, uniq_natasha, uniq_robin

Skill      XL: |  1  2  3  4 |
---------------+-------------+-----
Earth Magic    | 4 5 |  5.1
Spellcasting   | 3 |  3.3
Dodging        | |  1.5
Stealth        | |  2.1
Transmutations | |  0.7

Action                   |  1- 3 |  4- 6 || total
-------------------------+-------+-------++-------
Melee: Unarmed           |    17 |       ||    17
       Spear             |    78 |       ||    78
       Mace              |    12 |       ||    12
       Morningstar       |       |    25 ||    25
 Cast: Sandblast         |    20 |     5 ||    25
  Use: Scroll            |     3 |       ||     3
 Stab: Sleeping          |     2 |     1 ||     3
Armor: Robe              |    40 |    14 ||    54
Dodge: Dodged            |    98 |    24 ||   122
